 Dungeon Crawl Stone Soup version 0.27.1-4-g1640c2035a (webtiles) character file.

Game seed: 6083488060264844413

12154 Johnny the Carver (level 12, -5/100 HPs)
             Began as a Human Berserker on Nov 2, 2021.
             Was an Elder of Trog.
             Slain by an eight-headed hydra (11 damage)
             ... on level 11 of the Dungeon.
             The game lasted 00:12:21 (12531 turns).

Johnny the Carver (Human Berserker)                Turns: 12531, Time: 00:12:21

Health: -5/100     AC:  7    Str: 21    XL:     12   Next: 16%
Magic:  0/12       EV: 12    Int: 12    God:    Trog [****..]
Gold:   739        SH:  0    Dex: 13    Spells: 11/11 levels left

rFire    + . .     SeeInvis +   e - +8 dagger of Disorder {venom, *Rage rPois rN++ SInv}
rCold    + . .     Faith    .   (no shield)
rNeg     + + .     Spirit   +   q - +0 troll leather armour
rPois    +         Reflect  .   t - +0 helmet {Int+3}
rElec    .         Harm     .   E - scarf {rC+ rF+}
rCorr    .         Rampage  .   w - +0 pair of gloves
Will     .....     Rnd*Rage +   v - +0 pair of boots
Stlth    +.........             k - amulet of guardian spirit
HPRegen  1.26/turn              (no ring)
MPRegen  0.13/turn              (no ring)

@: about to teleport, on berserk cooldown, slowed, very slow
A: no striking features
a: Renounce Religion, Berserk, Trog's Hand, Brothers in Arms


You were on level 11 of the Dungeon.
You worshipped Trog.
Trog was greatly pleased with you.
You visited 1 branch of the dungeon, and saw 11 of its levels.

You collected 772 gold pieces.
You spent 33 gold pieces at shops.

Inventory:

Hand Weapons
 c - a +1 dagger of venom
 e - the +8 dagger of Disorder (weapon) {venom, *Rage rPois rN++ SInv}
   (You took it off an orc on level 9 of the Dungeon)

   It poisons the flesh of those it strikes.
   rPois:     It protects you from poison.
   rN:        It greatly protects you from negative energy.
   SInv:      It lets you see invisible.
   *Rage:     It may make you go berserk in combat.
 l - a +1 dagger of electrocution
 p - a +0 great sword
Armour
 q - a +0 troll leather armour (worn)
 t - a +0 helmet of intelligence (worn)
 v - a +0 pair of boots (worn)
 w - a +0 pair of gloves (worn)
 x - a +1 leather armour of willpower
 E - a scarf of resistance (worn)
Jewellery
 g - a ring of ice
 k - an amulet of guardian spirit (around neck)
 r - an amulet of the acrobat
Wands
 b - a wand of mindburst (7)
 j - a wand of polymorph (2)
 y - a wand of flame (14)
Scrolls
 a - a scroll of brand weapon {unknown}
 f - a scroll of magic mapping
 i - a scroll of fog
 n - 2 scrolls of noise
 s - a scroll of fear {unknown}
 u - a scroll of enchant armour {unknown}
 D - a scroll of amnesia
Potions
 d - 2 potions of lignification {unknown}
 h - 3 potions of might
 m - a potion of brilliance {unknown}
 o - 2 potions of mutation {unknown}
 z - a potion of heal wounds
 A - a potion of berserk rage {unknown}
 B - a potion of attraction
 C - 2 potions of degeneration {unknown}
 F - 2 potions of flight {unknown}


   Skills:
 + Level 11.1 Fighting
 * Level 14.8 Long Blades
 - Level 2.0 Armour
 - Level 2.0 Dodging


You had 11 spell levels left.
You didn't know any spells.
Your spell library was empty.

Dungeon Overview and Level Annotations

Branches:
Dungeon (11/15)            Temple (0/1) D:4            Lair (0/6) D:8
    Orc (0/2) D:9

Altars:
Cheibriados
Nemelex Xobeh
Sif Muna
Yredelemnul
Zin
Beogh

Shops:
D:7 *   D:8 [


Message History

The centaur barely misses you.
The centaur kicks you but does no damage.
You impale the centaur!!
You kill the centaur!
Trog accepts your kill.
You are no longer berserk.
You are exhausted.
You feel yourself slow down.
Items here: ( )) ††.
You puncture the eight-headed hydra!
The eight-headed hydra is lightly wounded.
The eight-headed hydra bites you. The eight-headed hydra bites you! x2
The eight-headed hydra bites you.
The eight-headed hydra bites you but does no damage.
The eight-headed hydra bites you! The eight-headed hydra bites you.
The eight-headed hydra bites you!
You are too injured to fight recklessly!
You are too injured to fight recklessly!
You are too injured to fight recklessly!
You are too injured to fight recklessly!
As you read the scroll of teleportation, it crumbles to dust.
You feel strangely unstable. The eight-headed hydra bites you.
The eight-headed hydra closely misses you.
The eight-headed hydra bites you!
* * * LOW HITPOINT WARNING * * *
The eight-headed hydra bites you!
* * * LOW HITPOINT WARNING * * *
The eight-headed hydra bites you.
* * * LOW HITPOINT WARNING * * *
The eight-headed hydra bites you but does no damage.
The eight-headed hydra completely misses you.
The eight-headed hydra bites you.
* * * LOW HITPOINT WARNING * * *
The eight-headed hydra barely misses you.
The eight-headed hydra bites you.
* * * LOW HITPOINT WARNING * * *
The eight-headed hydra bites you!
* * * LOW HITPOINT WARNING * * *
The eight-headed hydra bites you!
You die...

..# #.##..# #.#
#..##...#.... ..#
#.##..# #.#
#..##...#.... ..#
#.##..#####.#
#..##...#.... ..#
#...........#
#..##...#.... ..#
#...........
#..##...#.... ..#
#..#####..##...#....
#..............#...#
#..)...........#...#
#.)@####.......#...#
#..D# #...#...#...#
#...# #...#...#...#
#...# #...#.......#
#...# #...#.......#
#...# #...#.......#
#...# #...#...##..#
#...# #...#...##..#
#.... #...##..#


You could see an eight-headed hydra.

Vanquished Creatures
  Josephine (D:10)
  2 two-headed ogres (D:9)
  A satyr (D:10)
  Pikel (D:6)
  An orb spider (D:9)
  An ugly thing (D:11)
  An unseen horror (D:8)
  Psyche (D:8)
  A troll (D:8)
  Prince Ribbit (D:7)
  4 slime creatures (D:8)
  5 wraiths
  Grum (D:9)
  3 yaks (D:10)
  2 water moccasins (D:8)
  A hornet zombie (D:5)
  8 orc warriors
  A black bear (D:7)
  A sky beast (D:5)
  2 ogres
  3 wolves (D:9)
  2 ice beasts (D:7)
  7 centaurs
  A lemure (D:6)
  2 phantoms
  A kobold brigand (D:6)
  3 bullfrogs
  4 scorpions
  A water moccasin skeleton (D:5)
  20 killer bees
  4 wights (D:9)
  A bullfrog zombie (D:5)
  7 hounds
  A jelly (D:6)
  6 orc priests
  3 centaur zombies
  Crazy Yiuf (D:3)
  Ijyb (D:5)
  8 orc wizards
  2 scorpion zombies (D:5)
  A killer bee zombie (D:5)
  A hound skeleton (D:4)
  2 howler monkey zombies
  3 gnolls (D:4)
  A howler monkey skeleton (D:5)
  9 adders
  A white imp (D:5)
  An ufetubus (D:6)
  2 adder skeletons (D:4)
  3 worms
  5 dart slugs
  52 orcs
  11 ball pythons
  9 endoplasms
  4 giant cockroaches
  13 goblins
  8 hobgoblins
  7 jackals
  11 kobolds
  7 quokkas
  6 bats
  2 frilled lizards (D:2)
  6 rats
282 creatures vanquished.

Vanquished Creatures (collateral kills)
  2 killer bees (D:8)
2 creatures vanquished.

Vanquished Creatures (others)
  2 plants (D:4)
2 creatures vanquished.

Grand Total: 286 creatures vanquished

Notes
Turn   | Place    | Note
-------+----------+-------------------------------------------
     0 | D:1      | Johnny the Human Berserker began the quest for the Orb.
     0 | D:1      | Reached XP level 1. HP: 18/18 MP: 1/1
    46 | D:1      | Reached XP level 2. HP: 23/24 MP: 2/2
   404 | D:1      | Reached XP level 3. HP: 25/29 MP: 3/3
   529 | D:1      | Reached ** piety under Trog
   684 | D:1      | Reached skill level 4 in Long Blades
  1072 | D:2      | Reached XP level 4. HP: 35/35 MP: 4/4
  1462 | D:2      | Noticed an eye of devastation
  1464 | D:2      | Found a faded altar of an unknown god.
  1467 | D:2      | Noticed a shining eye
  1467 | D:2      | Noticed a golden eye
  1467 | D:2      | Noticed a golden eye
  2227 | D:3      | Reached XP level 5. HP: 42/42 MP: 5/5
  2513 | D:3      | Reached skill level 5 in Long Blades
  2747 | D:3      | Found a runed translucent door.
  2748 | D:3      | Noticed Crazy Yiuf
  2953 | D:3      | Killed Crazy Yiuf
  3117 | D:4      | Reached XP level 6. HP: 48/48 MP: 6/6
  3263 | D:4      | Found a staircase to the Ecumenical Temple.
  3284 | D:4      | Noticed an ogre
  3291 | D:4      | Killed an ogre
  3398 | D:4      | Found a glowing silver altar of Zin.
  3399 | D:4      | Found a sparkling altar of Nemelex Xobeh.
  3454 | D:4      | Reached *** piety under Trog
  3455 | D:4      | Reached skill level 6 in Long Blades
  3644 | D:4      | Reached XP level 7. HP: 55/55 MP: 7/7
  4020 | D:4      | Reached skill level 5 in Fighting
  4226 | D:5      | Entered Level 5 of the Dungeon
  4305 | D:5      | Reached skill level 7 in Long Blades
  4709 | D:5      | Noticed Ijyb
  4721 | D:5      | Killed Ijyb
  4722 | D:5      | Reached XP level 8. HP: 60/63 MP: 6/8
  4949 | D:5      | Reached skill level 8 in Long Blades
  5430 | D:5      | Found a basalt altar of Yredelemnul.
  5629 | D:5      | Found a shimmering blue altar of Sif Muna.
  5642 | D:5      | Reached **** piety under Trog
  5875 | D:6      | Reached skill level 9 in Long Blades
  5961 | D:6      | Reached XP level 9. HP: 71/71 MP: 7/9
  6692 | D:6      | Noticed Pikel
  6703 | D:6      | Killed Pikel
  6704 | D:6      | Reached skill level 10 in Long Blades
  7018 | D:7      | Found Zuissaclui's General Store.
  7036 | D:7      | Bought a potion of curing for 33 gold pieces
  7462 | D:7      | Reached skill level 11 in Long Blades
  7462 | D:7      | Reached XP level 10. HP: 74/80 MP: 8/10
  7521 | D:7      | Noticed Prince Ribbit
  7545 | D:7      | Killed Prince Ribbit
  7900 | D:8      | Noticed Psyche
  7909 | D:8      | Killed Psyche
  8519 | D:8      | Found a snail-covered altar of Cheibriados.
  8527 | D:8      | Reached skill level 12 in Long Blades
  8530 | D:8      | Found Cheibriados's Comfort Zone.
  8626 | D:8      | Killed an unseen horror
  9204 | D:8      | Reached XP level 11. HP: 89/89 MP: 11/11
  9625 | D:8      | Found a staircase to the Lair.
  9733 | D:9      | Noticed Maggie
  9746 | D:9      | Noticed Maggie
  9746 | D:9      | Maggie changed into Maggie the orb spider
  9756 | D:9      | Killed Maggie the orb spider
  9757 | D:9      | Reached skill level 13 in Long Blades
  9891 | D:9      | Identified a scroll of acquirement
  9891 | D:9      | Acquired a scarf of resistance
 10033 | D:9      | Found a staircase to the Orcish Mines.
 10297 | D:9      | Noticed a two-headed ogre
 10303 | D:9      | Killed a two-headed ogre
 10304 | D:9      | Reached skill level 10 in Fighting
 10670 | D:9      | Identified the +8 dagger of Disorder {venom, *Rage rPois
                  | rN++ SInv}
 10792 | D:9      | Noticed a two-headed ogre
 10801 | D:9      | Killed a two-headed ogre
 10890 | D:9      | Noticed Grum
 10900 | D:9      | Killed Grum
 11363 | D:10     | Entered Level 10 of the Dungeon
 11487 | D:10     | Noticed a boulder beetle
 11491 | D:10     | Noticed a satyr
 11491 | D:10     | a boulder beetle changed into a satyr
 11502 | D:10     | Killed a satyr
 11503 | D:10     | Reached skill level 14 in Long Blades
 11896 | D:10     | Noticed Josephine
 11908 | D:10     | Killed Josephine
 12069 | D:10     | Reached XP level 12. HP: 99/99 MP: 9/12
 12520 | D:11     | Noticed an eight-headed hydra
 12531 | D:11     | Slain by an eight-headed hydra

Illustrated notes

Levels and vault maps discovered:
D:1:      mrwooster_arrival_statue, layout_rooms
D:2:      layout_basic, hellmonk_ecumenical_altar_watching_god,
          minmay_pentomino_q4
D:3:      layout_basic, uniq_crazy_yiuf_cottage
D:4:      minmay_razor_zed, layout_rooms, gammafunk_temple_overflow_statue,
          minmay_temple_entry_overgrown
D:5:      kennysheep_spiral_hall, layout_cave_pods, kennysheep_orc_sif_temple,
          nicolae_yredelemnul_corpse_copse, patterned_corridor, uniq_ijyb
D:6:      layout_loops_corners, uniq_pikel
D:7:      layout_basic, serial_shops, nicolae_square_shop, st_stairs_9,
          uniq_prince_ribbit1
D:8:      layout_loops_ring, lair_entry_dummy, minmay_misc_feat_room,
          minmay_shop_chei, lightli_orcish_oven, uniq_psyche
D:9:      layout_basic, minmay_orc_entry_temple_small,
          kennysheep_cross_bottleneck, uniq_grum, uniq_maggie
D:10:     layout_long_grid, uniq_josephine
D:11:     layout_long_grid

Skill      XL: |  1  2  3  4  5  6  7  8  9 10 11 12 |
---------------+-------------------------------------+-----
Long Blades    | 4 5 6 7 9 11 12 14 | 14.8
Fighting       | 4 5 6 8 9 10 11 | 11.1
Armour         | |  2.0
Dodging        | |  2.0

Action                   |  1- 3 |  4- 6 |  7- 9 | 10-12 || total
-------------------------+-------+-------+-------+-------++-------
Melee: Falchion          |    12 |       |       |       ||    12
       Dagger            |    85 |   175 |   383 |   448 ||  1091
       Unarmed           |       |       |     4 |       ||     4
Invok: Berserk           |     1 |     5 |     8 |    21 ||    35
       Trog's Hand       |       |       |     3 |    18 ||    21
       Brothers in Arms  |       |       |       |     1 ||     1
Evoke: Wand              |       |       |       |    11 ||    11
  Use: Scroll            |       |       |     7 |     6 ||    13
       Potion            |       |       |       |    11 ||    11
 Stab: Invisible         |       |       |       |     1 ||     1
Armor: Animal skin       |     9 |       |       |       ||     9
       Ring mail         |    13 |    64 |   149 |   106 ||   332
       Skin              |       |       |     1 |       ||     1
       Troll leather arm |       |       |       |    42 ||    42
Dodge: Dodged            |    60 |    76 |   153 |   233 ||   522
       Rpst.: Falchion   |     4 |       |       |       ||     4
